 Dungeon Crawl Stone Soup version 0.20.1-1-g8b1a95d (webtiles) character file.

1390 Monsterracer the Insei (level 8, -9/72 HPs)
             Began as a Naga Transmuter on Aug 9, 2017.
             Was a Follower of Cheibriados.
             Mangled by an ice beast (13 damage)
             ... on level 5 of the Dungeon.
             The game lasted 00:19:46 (7955 turns).

Monsterracer the Insei (Naga Transmuter)            Turns: 7955, Time: 00:19:46

Health: -9/72      AC:  3    Str: 14    XL:     8   Next: 68%
Magic:  20/20      EV: 11    Int: 18    God:    Cheibriados [*.....]
Gold:   158        SH:  0    Dex: 14    Spells: 1/11 levels left

rFire    . . .     SeeInvis +     - Unarmed
rCold    . . .     Gourm    .   (no shield)
rNeg     . . .     Faith    .   q - +0 robe (curse)
rPois    +         Spirit   .   (no helmet)
rElec    .         Reflect  .   (no cloak)
rCorr    .         Harm     .   (no gloves)
MR       +....     Rnd*Tele +   (no barding)
Stlth    +.........             (no amulet)
Regen    0.3/turn               i - ring of teleportation (curse)
MPRegen  0.2/turn               s - ring of magical power

@: very slow
A: see invisible, deformed body, poison resistance, slowness 2, slow metabolism
1, spit poison 1, AC +2
a: Spit Poison, Bend Time, Renounce Religion


You were on level 5 of the Dungeon.
You worshipped Cheibriados.
Cheibriados was aware of your devotion.
You were very hungry.

You visited 2 branches of the dungeon, and saw 7 of its levels.

You collected 158 gold pieces.

Inventory:

Missiles
 v - 64 arrows
Armour
 e - a +1 chain mail of poison resistance
 f - a +0 shield
 q - a cursed +0 robe (worn)
Magical Staves
 a - an uncursed staff of power {!a}
Jewellery
 i - a cursed ring of teleportation (left hand)
 s - a ring of magical power (right hand)
Wands
 k - a wand of iceblast (2/15)
 p - a wand of lightning (6/15)
Scrolls
 l - 2 scrolls of fear
 n - a scroll of teleportation
 t - 2 scrolls of blinking
Potions
 j - a potion of curing
 m - 3 potions of haste
 r - a potion of degeneration {unknown}
 u - a potion of invisibility
 w - 2 potions of brilliance
 z - a potion of heal wounds {unknown}
Books
 c - a book of Changes

   Spells                             Type                      Level
   a - Beastly Appendage              Transmutation                1
   b - Sticks to Snakes               Transmutation                2
   c - Spider Form                    Transmutation/Poison         3
   d - Ice Form                       Ice/Transmutation            4
   e - Blade Hands                    Transmutation                5
Comestibles
 d - 4 bread rations
 g - 4 meat rations
 h - 2 royal jellies
 o - 8 fruits


   Skills:
 + Level 4.0 Fighting
 + Level 2.5 Dodging
 * Level 6.9 Unarmed Combat
 - Level 2.0 Spellcasting
 * Level 6.0 Transmutations
 - Level 2.0 Poison Magic
 + Level 2.9 Invocations


You had one spell level left.
You knew the following spells:

 Your Spells              Type           Power        Failure   Level  Hunger
b - Sticks to Snakes      Tmut           ###.....     2%          2    ###....
c - Spider Form           Tmut/Pois      ###.......   11%         3    ###....
d - Blade Hands           Tmut           ###.......   38%         5    ######.


Dungeon Overview and Level Annotations

Branches:
Dungeon (6/15)             Temple (1/1) D:5

Altars:
Ashenzari
Cheibriados
Dithmenos
Elyvilon
Fedhas
Gozag
Hepliaklqana
Kikubaaqudgha
Makhleb
Nemelex Xobeh
Okawaru
Qazlal
Ru
Sif Muna
Trog
Uskayaw
Vehumet
Xom
Zin


Innate Abilities, Weirdness & Mutations

You cannot wear boots.
Your serpentine skin is tough. (AC +2)
You have supernaturally acute eyesight. (SInv)
Armour fits poorly on your strangely shaped body.
Your system is resistant to poisons. (rPois)
You cover ground very slowly.
You have a slow metabolism.
You can spit poison.


Message History

* * * LOW HITPOINT WARNING * * *
The ice beast freezes you!
* * * LOW HITPOINT WARNING * * *
Your ball python bites the ice beast but does no damage.
Huge Dmg: -16%(-12hp) hp: 9%(6hp)
Okay, then.
It was a potion of brilliance.
You feel clever all of a sudden.
Your adder bites the ice beast but does no damage.
The ice beast hits you but does no damage.
Your ball python misses the ice beast.
Your adder bites the ice beast but does no damage.
It was a potion of cancellation.
Your magical effects are unravelling.
You feel magically purged.
You feel a little less clever now. The ice beast hits you.
* * * LOW HITPOINT WARNING * * *
The ice beast freezes you!
You die...

##..##..####..................#
.#........#####..##..........##
..#.##......###..##.....<.....#
.............[..##..#.........#
.#..............#...#......)..#
....##..........#.#.#.........#
.##...............#.#.........#
...###...................(...##
....##..........@...........##
######.........Y.)..........#
######..####...SS.>)........#
............................#
#############..<............#
#.......[......[#
#...............#
#...............#
#...............#


You could see an ice beast, a friendly adder and a friendly ball python.

Vanquished Creatures
  Pikel (D:4)
  2 slaves (D:4)
  A centaur (D:5)
  A bullfrog (D:4)
  A gnoll sergeant (D:6)
  A scorpion (D:4)
  A bullfrog zombie (D:5)
  A crimson imp (D:4)
  2 hounds (D:4)
  2 orc priests (D:4)
  7 orc wizards
  A worker ant (D:4)
  A hound skeleton (D:4)
  A hound zombie (D:4)
  A worker ant zombie (D:4)
  8 adders
  7 gnolls
  2 oozes
  An adder zombie (D:4)
  An adder skeleton (D:5)
  5 worms
  2 dart slugs (D:4)
  A leopard gecko (D:4)
  9 orcs
  3 ball pythons
  3 giant cockroaches
  6 goblins
  6 hobgoblins
  4 jackals (D:1)
  10 kobolds
  A quokka (D:4)
  6 bats
  4 frilled lizards
  A giant cockroach zombie (D:4)
  A leopard gecko zombie (D:4)
  A quokka skeleton (D:4)
  12 rats
118 creatures vanquished.

Vanquished Creatures (collateral kills)
  A centaur zombie (D:4)
  A worker ant (D:4)
  A giant cockroach zombie (D:4)
  A quokka skeleton (D:4)
4 creatures vanquished.

Vanquished Creatures (others)
  An adder (D:4)
1 creature vanquished.

Grand Total: 123 creatures vanquished

Notes
Turn   | Place    | Note
-------+----------+-------------------------------------------
     0 | D:1      | Monsterracer the Naga Transmuter began the quest for the Orb.
     0 | D:1      | Reached XP level 1. HP: 18/18 MP: 3/3
   212 | D:1      | Reached XP level 2. HP: 21/25 MP: 5/5
   258 | D:1      | Learned a level 2 spell: Sticks to Snakes
   629 | D:1      | Reached XP level 3. HP: 31/31 MP: 6/6
   634 | D:1      | Learned a level 3 spell: Spider Form
   806 | D:1      | Reached skill level 1 in Poison Magic
  1337 | D:2      | HP: 15/31 [poisoned by an adder]
  1342 | D:2      | HP: 9/31 [poisoned by an adder]
  1348 | D:2      | HP: 7/31 [poisoned by an adder]
  1356 | D:2      | HP: 6/31 [poisoned by an adder]
  1863 | D:2      | Reached XP level 4. HP: 36/38 MP: 0/7
  1869 | D:2      | HP: 17/38 [gnoll/whip (3)]
  1886 | D:2      | HP: 13/38 [gnoll/spear (6)]
  1890 | D:2      | HP: 4/38 [gnoll/spear (7)]
  2853 | D:3      | Found a glowing golden altar of the Shining One.
  2855 | D:3      | Found a shimmering altar of Xom.
  2855 | D:3      | Found a stormy altar of Qazlal.
  2857 | D:3      | Found a shadowy altar of Dithmenos.
  2857 | D:3      | Found a shadowy altar of Dithmenos.
  2857 | D:3      | Found an iron altar of Okawaru.
  2974 | D:3      | Reached XP level 5. HP: 42/44 MP: 8/8
  4280 | D:5      | Entered Level 5 of the Dungeon
  4292 | D:5      | HP: 21/45 [bullfrog zombie (6)]
  4297 | D:5      | HP: 11/45 [bullfrog zombie (7)]
  4413 | D:4      | Found a glowing silver altar of Zin.
  4414 | D:4      | HP: 20/45 [dart slug/slug dart (4)]
  4418 | D:4      | Reached XP level 6. HP: 12/52 MP: 9/9
  4519 | D:4      | HP: 26/52 [hound (3)]
  4523 | D:4      | Reached skill level 5 in Unarmed Combat
  4590 | D:4      | HP: 25/52 [worker ant zombie (5)]
  4595 | D:4      | HP: 17/52 [worker ant zombie (5)]
  4601 | D:4      | HP: 14/52 [worker ant zombie (2)]
  5161 | D:4      | Reached XP level 7. HP: 39/61 MP: 10/10
  5282 | D:4      | Learned a level 5 spell: Blade Hands
  5309 | D:5      | Found a staircase to the Ecumenical Temple.
  5320 | Temple   | Entered the Ecumenical Temple
  5479 | Temple   | Became a worshipper of Cheibriados the Contemplative
  5668 | D:4      | HP: 28/61 [quokka skeleton (4)]
  5672 | D:4      | HP: 9/61 [centaur zombie (6)]
  5674 | D:4      | Reached skill level 1 in Invocations
  6067 | D:4      | Noticed Pikel
  6086 | D:4      | HP: 29/62 [Pikel/whip of flaming (14)]
  6087 | D:4      | HP: 13/62 [Pikel/whip of flaming (4)]
  6091 | D:4      | HP: 5/62 [Pikel/whip of flaming (8)]
  6092 | D:4      | Killed Pikel
  6092 | D:4      | Reached skill level 5 in Transmutations
  6092 | D:4      | Reached XP level 8. HP: 5/70 MP: 11/11
  6953 | D:5      | Reached * piety under Cheibriados
  7617 | D:5      | HP: 36/72 [gnoll/whip (6)]
  7791 | D:6      | HP: 36/72 [gnoll/spear (2)]
  7949 | D:5      | HP: 34/72 [ice beast (9)]
  7953 | D:5      | HP: 6/72 [ice beast (11)]
  7955 | D:5      | Mangled by an ice beast

Skill      XL: |  1  2  3  4  5  6  7  8 |
---------------+-------------------------+-----
Poison Magic   | 2 |  2.0
Unarmed Combat | 4 5 6 |  6.9
Transmutations | 3 4 5 6 |  6.0
Fighting       | 2 3 4 |  4.0
Invocations    | 2 |  2.9
Dodging        | 2 |  2.5
Spellcasting   | |  2.0

Action                   |  1- 3 |  4- 6 |  7- 9 || total
-------------------------+-------+-------+-------++-------
Melee: Unarmed           |    93 |   202 |   154 ||   449
       Punch             |     2 |     4 |     1 ||     7
       Headbutt          |     1 |     2 |       ||     3
       Staff             |       |       |     6 ||     6
 Cast: Beastly Appendage |     7 |     2 |       ||     9
       Spider Form       |     1 |     8 |     8 ||    17
       Sticks to Snakes  |       |     4 |     5 ||     9
 Abil: Spit Poison       |    23 |    20 |    13 ||    56
  Use: Scroll            |     2 |     8 |       ||    10
       Potion            |       |     3 |     2 ||     5
 Stab: Distracted        |       |     2 |       ||     2
  Eat: Chunk             |     3 |    11 |     7 ||    21
       Fruit             |       |       |     1 ||     1
Armor: Robe              |    15 |    38 |    18 ||    71
       Skin              |       |    11 |     9 ||    20
Dodge: Dodged            |    43 |   172 |   143 ||   358
